 Dungeon Crawl Stone Soup version 0.17-a0-1920-gafa4d75 (webtiles) character file.

168 mcbry74 the Covert (level 5, -1/46 HPs)
             Began as a Kobold Assassin on Sept 28, 2015.
             Slain by an ogre
             ... wielding a +0 giant club
              (15 damage)
             ... on level 4 of the Dungeon.
             The game lasted 00:31:04 (3930 turns).

mcbry74 the Covert (Kobold Assassin)                Turns: 3930, Time: 00:31:04

Health: -1/46      AC: 26    Str: 12    XL:     5   Next: 77%
Magic:  5/5        EV:  3    Int: 14    God:    Xom [.*....]
Gold:   164        SH:  0    Dex: 19    Spells: 0 memorised, 4 levels left

rFire  . . .     SeeInvis .     n - +2 dagger (venom)
rCold  . . .     Clarity  +     (armour currently unavailable)
rNeg   + + +     SustAt   .     (shield restricted)
rPois  +         Gourm    .     (helmet currently unavailable)
rElec  .         Spirit   .     (cloak currently unavailable)
rCorr  .         Warding  .     (gloves currently unavailable)
rMut   .         NoTele   +     (boots currently unavailable)
MR     .....                    u - amulet of clarity
Stlth  ++++++....               p - +3 ring of strength
                                a - +4 ring of protection

@: brilliant, tree-form, not resistant to hostile enchantments, very stealthy
A: carnivore 3
a: Renounce Religion


You were on level 4 of the Dungeon.
You worshipped Xom.
You were a plaything of Xom.
You were not hungry.
You were a tree.
You visited 1 branch of the dungeon, and saw 4 of its levels.

You collected 164 gold pieces.

Inventory:

Hand weapons
 b - a +1 blowgun
 n - a +2 dagger of venom (weapon)
 o - a +1 dagger of flaming
 q - a +0 hunting sling
Missiles
 e - 21 poisoned needles
 f - 2 curare-tipped needles
 j - 62 stones (quivered)
 l - 59 sling bullets
 m - a throwing net
Armour
 c - a +0 robe (melded)
 d - a +0 cloak (melded)
 t - a +0 helmet (melded)
Jewellery
 a - a +4 ring of protection (left branch)
 p - a +3 ring of strength (right branch)
 u - an amulet of clarity (around neck)
 w - an uncursed amulet of stasis
Scrolls
 k - 2 scrolls of teleportation
Potions
 i - a potion of might {unknown}
Comestibles
 g - a meat ration
 s - a beef jerky


   Skills:
 + Level 2.4 Fighting
 + Level 3.0 Short Blades
 + Level 1.0(2.4) Slings
 + Level 3.9(4.0) Throwing
 + Level 1.2 Dodging
 + Level 8.1 Stealth


You had 4 spell levels left.
You didn't know any spells.

Dungeon Overview and Level Annotations

Branches:
Dungeon (4/15)
 Temple: D:4-7

Altars:
Kikubaaqudgha
Qazlal
Ru
Sif Muna
Vehumet
Xom
Yredelemnul
The Shining One

Annotations:
D:4 Pikel


Innate Abilities, Weirdness & Mutations

You are small and have problems with some larger weapons.
You are carnivorous and can eat meat at any time.


Message History

Your +0 helmet melds into your body.
Your +0 robe melds into your body.
Your roots penetrate the ground.
Your ufetubus barely misses the slave.
Your ufetubus barely misses the slave.
Pikel hits you but does no damage. The slave hits you but does no damage.
You hit Pikel but do no damage.
Pikel looks even sicker.
Pikel is severely wounded.
Your ufetubus closely misses the slave.
Your ufetubus barely misses the slave.
The slave hits you but does no damage. Pikel hits you but does no damage.
The ogre hits you with a giant club. The slave hits you but does no damage.
You closely miss Pikel.
Pikel is severely wounded.
Your ufetubus hits the slave but does no damage.
Your ufetubus closely misses the slave.
The slave hits you but does no damage.
Your ufetubus hits the slave but does no damage.
Your ufetubus closely misses the slave.
Pikel hits you but does no damage.
You closely miss Pikel.
Pikel is severely wounded.
The slave hits you. The ogre hits you with a giant club!
You die...
Xom giggles madly!

## #######
.###########...5.##########
.+..'......'...p♣p....'...#
.##.##'###+#...OK#'##'##.##
###'##..# ##'#.p......#
..#.....# #..+........#
..'.....+ #..#....(...+
..#.....# +..#........#
'##+##.##
##+#.......(##+##+#. ..#
#.# ##'#####......).# ..+
.+ +.....K'.........


You could see Pikel, an ogre, 3 slaves and a friendly ufetubus.

Vanquished Creatures
  A worker ant (D:4)
  A hound skeleton (D:4)
  A worker ant zombie (D:3)
  7 adders
  2 giant geckos
  2 orcs (D:3)
  A ball python (D:3)
  5 bats
  2 giant cockroaches (D:2)
  11 goblins
  8 hobgoblins
  4 jackals (D:3)
  5 giant newts
  3 kobolds
  9 rats
62 creatures vanquished.

Notes
Turn   | Place    | Note
--------------------------------------------------------------
     0 | D:1      | mcbry74 the Kobold Assassin began the quest for the Orb.
     0 | D:1      | Reached XP level 1. HP: 12/12 MP: 1/1
   232 | D:1      | Reached XP level 2. HP: 4/17 MP: 2/2
   526 | D:1      | Reached skill level 6 in Stealth
  1107 | D:2      | Reached XP level 3. HP: 13/21 MP: 3/3
  1265 | D:2      | Found a basalt altar of Yredelemnul.
  1660 | D:2      | Reached skill level 7 in Stealth
  1660 | D:2      | Reached XP level 4. HP: 26/26 MP: 4/4
  2388 | D:3      | Found a glowing golden altar of the Shining One.
  2582 | D:3      | Reached XP level 5. HP: 24/31 MP: 5/5
  2804 | D:3      | Reached skill level 1 in Slings
  3020 | D:3      | Found a deep blue altar of Sif Muna.
  3020 | D:3      | Found a sacrificial altar of Ru.
  3020 | D:3      | Found a radiant altar of Vehumet.
  3020 | D:3      | Found a stormy altar of Qazlal.
  3034 | D:3      | Found a shimmering altar of Xom.
  3038 | D:3      | Found an ancient bone altar of Kikubaaqudgha.
  3095 | D:3      | Became a worshipper of Xom of Chaos
  3602 | D:4      | Reached skill level 8 in Stealth
  3884 | D:4      | Noticed a slave
  3885 | D:4      | XOM: potion effect (brilliance)
  3900 | D:4      | Noticed Pikel
  3900 | D:4      | Noticed a slave
  3900 | D:4      | Noticed a slave
  3901 | D:4      | Noticed an ogre
  3903 | D:4      | Noticed a slave
  3921 | D:4      | XOM: summons 4 friendly demons
  3930 | D:4      | Slain by an ogre

Vault maps used:
D:1:      roderic_dead_forest
D:2:      old_standard_altar, first_bread
D:3:      minmay_overflow_temple_hex, tso_altar
D:4:      lightli_ossuary_entry_decrepit_ruins, serial_shops,
          nicolae_shop_behind_doors, grunt_gozag_breadcrumbs, uniq_pikel

Action                   |  1- 3 |  4- 6 || total
-------------------------+-------+-------++-------
Melee: Dagger            |    24 |    43 ||    67
 Fire: Blowgun           |    24 |    35 ||    59
       Hunting sling     |     6 |    16 ||    22
  Use: Scroll            |       |     8 ||     8
       Potion            |       |     1 ||     1
 Stab: Sleeping          |    14 |    22 ||    36
       Distracted        |     1 |     1 ||     2
  Eat: Chunk             |     2 |     9 ||    11
